 Dungeon Crawl Stone Soup version 0.23.2-33-g5129a83184 (webtiles) character file.

Game seed: 10480217248249570364

286 Brecoman the Distorting Demonspawn (level 6, -1/48 HPs)
             Began as a Demonspawn Abyssal Knight on July 3, 2019.
             Was a Believer of Lugonu.
             Slain by a bullfrog skeleton (7 damage)
             ... on level 5 of the Dungeon.
             The game lasted 00:15:46 (6156 turns).

Brecoman the Distorting Demonspawn (DsAK)           Turns: 6156, Time: 00:15:47

Health: -1/48      AC:  0    Str: 17    XL:     6   Next: 8%
Magic:  9/9        EV: 12    Int: 13    God:    Lugonu [**....]
Gold:   214        SH:  0    Dex: 12    Spells: 5/5 levels left

rFire    . . .     SeeInvis .   a - +1 hand axe
rCold    . . .     Gourm    .   (no shield)
rNeg     + . .     Faith    .   A - +0 leather armour
rPois    .         Spirit   .   (no helmet)
rElec    .         Reflect  .   (no cloak)
rCorr    .         Harm     .   (no gloves)
MR       .....                  (no boots)
Stlth    +++.......             (no amulet)
HPRegen  0.16/turn              d - ring of positive energy
MPRegen  0.11/turn              g - +2 ring of strength

@: corroded
A: nightstalker 2
a: Depart the Abyss, Bend Space, Renounce Religion


You were on level 5 of the Dungeon.
You worshipped Lugonu.
Lugonu was pleased with you.
You were not hungry.

You visited 1 branch of the dungeon, and saw 5 of its levels.
You visited the Abyss 1 time.

You collected 214 gold pieces.

Inventory:

Hand Weapons
 a - a +1 hand axe (weapon)
Missiles
 e - 147 stones
 u - 8 tomahawks (quivered)
Armour
 n - a +0 chain mail
 A - a +0 leather armour (worn)
Jewellery
 b - an uncursed ring of stealth {unknown}
 d - a ring of positive energy (left hand)
 g - a +2 ring of strength (right hand)
 p - an uncursed amulet of regeneration {unknown}
 y - a +6 ring of evasion {unknown}
Wands
 t - a wand of scattershot (7)
Scrolls
 j - 6 scrolls of identify {unknown}
 k - 2 scrolls of noise {unknown}
 m - a scroll of enchant weapon {unknown}
 r - a scroll of remove curse {unknown}
 s - 2 scrolls of teleportation {unknown}
 z - a scroll of random uselessness {unknown}
Potions
 f - 2 potions of heal wounds {unknown}
 h - 2 potions of lignification {unknown}
 i - 2 potions of might {unknown}
 l - a potion of agility {unknown}
 o - a potion of mutation {unknown}
 q - 5 potions of curing {unknown}
 v - 2 potions of degeneration {unknown}
 w - a potion of magic {unknown}
 x - a potion of ambrosia {unknown}
Comestibles
 c - 8 rations


   Skills:
 + Level 4.1 Fighting
 + Level 3.1 Axes
 - Level 2.4 Armour
 + Level 2.6 Dodging
 + Level 0.0 Stealth
 + Level 4.3 Invocations


You had 5 spell levels left.
You didn't know any spells.
Your spell library was empty.

Dungeon Overview and Level Annotations

Branches:
Dungeon (5/15)             Temple (0/1) D:4

Altars:
Makhleb
Ru
Trog
Wu Jian

Annotations:
D:4 Eustachio
D:5 Ijyb


Innate Abilities, Weirdness & Mutations

You are significantly more attuned to the shadows.


Message History

e - 147 stones (gained 15) Ijyb and a skeleton come into view.
The bullfrog skeleton moves out of view.
Ijyb is nearby!
You hit the bullfrog skeleton.
The bullfrog skeleton is moderately damaged.
The bullfrog skeleton closely misses you.
You hit the bullfrog skeleton.
The bullfrog skeleton is moderately damaged.
The bullfrog skeleton hits you.
The bullfrog skeleton closely misses you.
You hit the bullfrog skeleton but do no damage.
The bullfrog skeleton is moderately damaged.
Ijyb shouts!
You hear a loud, deep croak!
The bullfrog skeleton hits you.
Ijyb zaps a wand.
The bolt of acid hits you! The acid corrodes you!
You are splashed with acid!!
* * * LOW HITPOINT WARNING * * *
The bullfrog skeleton hits you!
You die...

#....#
#.......
#.......
#....g#
#.#..#
#...#
##Z##
#@# #.#
#.# #.#
#.# #.#
#.#
#####.#
#.....#


You could see Ijyb and a bullfrog skeleton.

Vanquished Creatures
  A hound (D:4)
  A worker ant (D:4)
  12 adders
  2 oozes (D:2)
  4 worms
  4 dart slugs
  A leopard gecko (D:4)
  12 orcs
  6 bats
  8 giant cockroaches
  6 goblins
  9 hobgoblins
  7 kobolds
  3 quokkas
  7 frilled lizards
  10 rats
93 creatures vanquished.

Notes
Turn   | Place    | Note
-------+----------+-------------------------------------------
     0 | Abyss:1  | Brecoman the Demonspawn Abyssal Knight began the quest for
                  | the Orb.
     0 | Abyss:1  | Reached XP level 1. HP: 18/18 MP: 2/2
    77 | Abyss:1  | Noticed a large abomination
   144 | Abyss:1  | Noticed a spiny frog zombie
   145 | D:1      | Escaped the Abyss
   166 | D:1      | Reached skill level 1 in Dodging
   367 | D:1      | Gained mutation: You are slightly more attuned to the
                  | shadows. [demonic ancestry]
   367 | D:1      | Reached XP level 2. HP: 24/24 MP: 4/4
   391 | D:1      | Reached * piety under Lugonu
  1605 | D:2      | Reached XP level 3. HP: 28/29 MP: 5/5
  2227 | D:2      | Reached ** piety under Lugonu
  2531 | D:2      | Reached XP level 4. HP: 33/35 MP: 6/6
  3271 | D:3      | Found a bloodstained altar of Trog.
  3271 | D:3      | Found a burning altar of Makhleb.
  3469 | D:3      | Reached XP level 5. HP: 28/42 MP: 7/7
  4117 | D:3      | Found a sacrificial altar of Ru.
  4602 | D:4      | Found an ornate altar of the Wu Jian Council.
  4962 | D:4      | Found a staircase to the Ecumenical Temple.
  5193 | D:4      | Reached *** piety under Lugonu
  5193 | D:4      | Gained mutation: You are significantly more attuned to the
                  | shadows. [demonic ancestry]
  5193 | D:4      | Reached XP level 6. HP: 31/48 MP: 9/9
  5551 | D:5      | Entered Level 5 of the Dungeon
  5558 | D:5      | Noticed Eustachio
  6150 | D:5      | Noticed Ijyb
  6156 | D:5      | Slain by a bullfrog skeleton

Skill      XL: |  1  2  3  4  5 |
---------------+----------------+-----
Dodging        | 1 2 |  2.6
Axes           | 2 3 |  3.1
Invocations    | 3 4 |  4.3
Armour         | 2 |  2.4
Fighting       | 4 |  4.1

Action                   |  1- 3 |  4- 6 || total
-------------------------+-------+-------++-------
Melee: Hand axe          |   149 |   227 ||   376
Throw: Tomahawk          |       |    13 ||    13
       Stone             |       |     2 ||     2
Invok: Depart the Abyss  |     1 |       ||     1
 Stab: Sleeping          |     6 |     1 ||     7
  Eat: Chunk             |     5 |    10 ||    15
       Ration            |       |     1 ||     1
Armor: Leather armour    |    33 |    13 ||    46
       Chain mail        |    13 |   132 ||   145
Dodge: Dodged            |    65 |   117 ||   182
